cohdb
Replays
Latest Replays
All Replays
Popular Replays
Top Player Replays
Match Explorer
How It Works
Community
CoH3 Stats
Reddit
Sign in to upload your games and track your stats! →
Sign in with Steam
Match 43975041
Unlisted
Match 43975041
Overview
Messages
Build Orders
End
Kettenkrad Recon Vehicle
Construct Infanterie Kompanie
MG 42 Machine Gun Team
Selects Mechanized Battlegroup
Grenadier Squad
Grenadier Squad
Selects Mobile Repair Stations
Construct Luftwaffe Kompanie
221 Scout Car
Medical Bunker
Jäger Squad
Selects Raid Package
221 Scout Car
Kettenkrad Recon Vehicle
Support Elements
Marder III M Tank Destroyer
Marder III M Tank Destroyer
Selects StuG Assault Group
Wirbelwind Flakpanzer
Jäger Squad
Luftwaffe Officer Quarters
Gatom
frostie
不可抱萌物
Mad Cow
De_znutz
Smash
0
0
Comments
sign in to comment!
No comments posted yet!